 Dungeon Crawl Stone Soup version 0.30-a0-802-gb92711bcdf (webtiles) character file.

Game seed: 9767166569869621106

269 cforsyth the Sneak (level 6, 0/38 HPs)
             Began as a Kobold Brigand on Feb 25, 2023.
             Slain by a gnoll
             ... wielding a +0 spear
              (4 damage)
             ... on level 4 of the Dungeon.
             The game lasted 00:05:07 (3332 turns).

cforsyth the Sneak (Kobold Brigand)                 Turns: 3332, Time: 00:05:08

Health: 0/38       AC:  5    Str:  8    XL:     6   Next: 46%
Magic:  6/6        EV: 16    Int: 12    God:
Gold:   156        SH:  0    Dex: 19    Spells: 5/5 levels left

rFire   + . .      SeeInvis .    a - +2 dagger
rCold   . . .      Faith    .    (no shield)
rNeg    . . .      Spirit   .    b - +0 robe
rPois   .          Reflect  .    (no helmet)
rElec   .          Harm     .    c - +0 cloak
rCorr   .          Rampage  .    i - +0 pair of gloves
Will    .....                    v - +0 pair of boots
Stlth   +++++                    (no amulet)
HPRegen 0.26/turn                h - ring of protection from fire
MPRegen 0.10/turn                p - ring of wizardry

@: no status effects
A: small, no large weapons, nightstalker 3
a: no special abilities


You were on level 4 of the Dungeon.
You visited 1 branch of the dungeon, and saw 4 of its levels.

You collected 156 gold pieces.

Inventory:

Hand Weapons
 a - a +2 dagger (weapon)
Missiles
 d - 12 poisoned darts (quivered)
 e - 3 curare-tipped darts
Armour
 b - a +0 robe (worn)
 c - a +0 cloak (worn)
 i - a +0 pair of gloves (worn)
 v - a +0 pair of boots (worn)
Jewellery
 h - a ring of protection from fire (left hand)
 p - a ring of wizardry (right hand)
Scrolls
 f - 5 scrolls of magic mapping {unknown}
 j - 6 scrolls of identify {unknown}
 k - 2 scrolls of fog {unknown}
 m - a scroll of immolation {unknown}
 n - 2 scrolls of teleportation {unknown}
 o - 2 scrolls of vulnerability {unknown}
 q - 2 scrolls of blinking {unknown}
 s - a scroll of noise {unknown}
 t - 2 scrolls of enchant armour {unknown}
 w - a scroll of enchant weapon {unknown}
Potions
 g - 2 potions of flight {unknown}
 l - a potion of cancellation {unknown}
 r - a potion of heal wounds {unknown}
 u - 3 potions of curing {unknown}


   Skills:
 + Level 3.8 Fighting
 + Level 4.7 Short Blades
 - Level 2.1 Throwing
 + Level 3.7 Dodging
 + Level 6.9 Stealth


You had 5 spell levels left.
You didn't know any spells.
Your spell library contained the following spells:

 Spells                   Type           Power      Damage    Failure   Level
 Beastly Appendage        Tmut           0%         N/A       13%         1
 Foxfire                  Conj/Fire      0%         2x1d4     13%         1
 Wereblood                Tmut           0%         N/A       21%         2
 Dazzling Flash           Conj/Hex       0%         N/A       36%         3
 Ignite Poison            Fire/Tmut/Pois 0%         N/A       36%         3
 Kindle Blastsparks       Fire/Tloc/Air  0%         2d10      36%         3
 Spider Form              Tmut/Pois      0%         N/A       36%         3
 Iskenderun's Mystic Bla  Conj/Tloc      0%         2d3       75%         4
 Fireball                 Conj/Fire      0%         3d3       97%         5
 Freezing Cloud           Conj/Ice/Air   0%         6-21      97%         5
 Starburst                Conj/Fire      0%         6d3       100%        6


Dungeon Overview and Level Annotations

Branches:
Dungeon (4/15)
 Temple: D:4-7

Altars:

Annotations:
D:4 Eustachio


Innate Abilities, Weirdness & Mutations

You are small and have problems with some larger weapons.
You are completely attuned to the shadows.


Message History

The ball python bites you but does no damage.
The ball python misses you.
You hit the gnoll.
The gnoll is severely wounded.
The ball python barely misses you. The ball python completely misses you.
The gnoll closely misses you.
The gnoll hits you from afar with a +0 spear!
You are too injured to fight recklessly!
You are too injured to fight recklessly!
You are too injured to fight recklessly!
You are too injured to fight recklessly!
You are too injured to fight recklessly!
The ball python bites you but does no damage.
The ball python barely misses you. The gnoll misses you.
The ball python bites you but does no damage.
The ball python closely misses you.
The ball python attacks as you move away!
The ball python bites you but does no damage.
The ball python attacks as you move away!
The ball python barely misses you.
The ball python attacks as you move away!
The ball python barely misses you.
You hit the ball python.
The ball python is severely wounded.
The ball python closely misses you. The ball python completely misses you.
The gnoll hits you from afar with a +0 halberd.
Unknown command.
You hit the ball python.
You kill the ball python!
The gnoll barely misses you.
Unknown command.
The gnoll misses you.
The gnoll hits you from afar with a +0 halberd!
* * * LOW HITPOINT WARNING * * *
The gnoll hits you from afar with a +0 spear.
* * * LOW HITPOINT WARNING * * *
The gnoll barely misses you. The gnoll misses you.
The gnoll hits you from afar with a +0 spear.
You die...

####.#.....#.##########.###..####
##.8...8.##............#......
##.....############.#.#.#####
####### #.).<#.#.##### #.....#
#.##...#...... ..#.....#
#.##.########. #.#.....# #.##.#
#. #.....g.## #.##.# #.
#.#.##g.@# #.##.# #.
######.#......# #.##.# #.
#.............# #.##.# #.
#...........[.# #.##.# #.
#..#####......###.##.########.
#..#)!!#....#.†##.##..........
#:.#)??#..####....##.#########
#..#|[[#..........##.# #..####
######.##.#


You could see 2 gnolls.

Vanquished Creatures
  A black bear (D:4)
  An ogre (D:4)
  2 adders
  A gnoll (D:4)
  A worm (D:3)
  2 orcs (D:3)
  7 ball pythons
  4 bats
  5 endoplasms
  A giant cockroach (D:4)
  6 goblins
  10 hobgoblins
  4 jackals (D:3)
  2 quokkas (D:2)
  6 frilled lizards
  4 kobolds
  6 rats
63 creatures vanquished.

Notes
Turn   | Place    | Note
-------+----------+-------------------------------------------
     0 | D:1      | cforsyth the Kobold Brigand began the quest for the Orb.
     0 | D:1      | Reached XP level 1. HP: 12/12 MP: 1/1
     4 | D:1      | Noticed an electric eel
     7 | D:1      | Noticed an electric eel
   330 | D:1      | Reached XP level 2. HP: 18/18 MP: 2/2
   824 | D:2      | Reached XP level 3. HP: 22/22 MP: 3/3
  1405 | D:2      | You fall into a shaft and drop 1 floor!
  1527 | D:3      | Reached XP level 4. HP: 27/27 MP: 4/4
  1561 | D:3      | Reached skill level 6 in Stealth
  1585 | D:3      | Found a faded altar of an unknown god.
  2705 | D:4      | Noticed a black bear
  2707 | D:4      | Killed a black bear
  2708 | D:4      | Reached XP level 5. HP: 32/32 MP: 5/5
  2809 | D:4      | Noticed Eustachio
  3095 | D:4      | Noticed an ogre
  3099 | D:4      | Killed an ogre
  3100 | D:4      | Reached XP level 6. HP: 38/38 MP: 6/6
  3332 | D:4      | Slain by a gnoll

Illustrated notes

Levels and vault maps discovered:
D:1:      arrival_aquarium_b, layout_basic
D:2:      layout_loops_corners, corexii_item_surrounded_by_moat
D:3:      minmay_general_purpose_star, layout_loops_ring,
          hellmonk_ecumenical_altar_lost_god
D:4:      minmay_bubble_buster, layout_basic, serial_glass, glass_columns_b,
          glass_columns_a, dk_noncrumbling_3, corexii_corridor_pit,
          due_unseen_surprise, uniq_eustachio

Skill      XL: |  1  2  3  4 |
---------------+-------------+-----
Short Blades   | 3 4 |  4.7
Dodging        | 2 3 |  3.7
Stealth        | 6 |  6.9
Fighting       | 3 |  3.8
Throwing       | |  2.1

Action                     |  1- 3 |  4- 6 || total
---------------------------+-------+-------++-------
  Melee: Dagger            |    69 |    80 ||   149
         Punch             |     1 |       ||     1
   Stab: Sleeping          |    16 |    19 ||    35
         Distracted        |     1 |     1 ||     2
 Armour: Robe              |    10 |    25 ||    35
  Dodge: Dodged            |    29 |   103 ||   132

Table legend: (Time is in decaauts)
 A = Elapsed time spent in this place.
 B = Non-inter-level travel time spent in this place.
 C = Inter-level travel time spent in this place.
 D = Time resting spent in this place.
 E = Time spent auto-exploring this place.
 F = Levels seen in this place.
 G = Mean time per level.
                   A        B        C        D        E       F      G
               +--------+--------+--------+--------+--------+-----+--------+
         Total |   3304 |   3259 |     45 |     54 |   2589 |   4 |  826.0 |
       Dungeon |   3304 |   3259 |     45 |     54 |   2589 |   4 |  826.0 |
               +--------+--------+--------+--------+--------+-----+--------+

Top non-repeatable levels by time:
     D:2: 1056 daAuts
     D:3: 940 daAuts
     D:1: 745 daAuts
     D:4: 562 daAuts
